 Dungeon Crawl Stone Soup version 0.23.2-40-g277498a001 (webtiles) character file.

Game seed: 11384798367937774683

75254 DildoBatman the Thaumaturge (level 15, 0/113 HPs)
             Began as a Formicid Wizard on Aug 21, 2019.
             Was an Initiate of Gozag.
             Slain by a large slime creature (23 damage)
             ... on level 12 of the Dungeon on Aug 22, 2019.
             The game lasted 02:22:15 (24806 turns).

DildoBatman the Thaumaturge (Formicid Wizard)      Turns: 24806, Time: 02:22:15

Health: 0/113      AC:  9    Str: 17    XL:     15   Next: 97%
Magic:  32/32      EV: 17    Int: 26    God:    Gozag
Gold:   3713       SH:  0    Dex:  9    Spells: 16/41 levels left

rFire    + . .     SeeInvis +   a - +9 halberd of the Candelabrum {chop, rF+ rC- Int+2}
rCold    x . .     Gourm    .   (no shield)
rNeg     + . .     Faith    .   u - +2 leather armour of the Guilds {rN+ Str+5}
rPois    +         Spirit   .   (helmet unavailable)
rElec    +         Reflect  .   n - +2 cloak
rCorr    .         Harm     .   (no gloves)
MR       ++...                  (no boots)
Stlth    +++.......             m - amulet of magic regeneration
HPRegen  0.28/turn              k - +3 ring of evasion
MPRegen  0.48/turn              P - ring of poison resistance

@: gold aura
A: permanent stasis, dig shafts and tunnels, four strong arms, antennae 3, magic
resistance 1, sense surroundings 1, electricity resistance
a: Dig, Shaft Self, Potion Petition, Call Merchant, Bribe Branch, Renounce
Religion


You were on level 12 of the Dungeon.
You worshipped Gozag.
Gozag was most pleased with you.
You were not hungry.

You visited 4 branches of the dungeon, and saw 21 of its levels.
You also visited: Bailey.

You collected 5759 gold pieces.
You spent 1463 gold pieces at shops.
You paid 583 gold pieces to Gozag.

Inventory:

Hand Weapons
 a - the +9 halberd of the Candelabrum (weapon) {chop, rF+ rC- Int+2}
   (You bought it in a shop on level 1 of the Orcish Mines)

   It inflicts extra damage upon your enemies.
   It affects your intelligence (+2).
   It protects you from fire.
   It makes you vulnerable to cold.
 b - the +8 quarterstaff "Ifuish" {holy, rC++ Stlth+}
   (You took it off a hobgoblin in a bailey)

   It has been blessed by the Shining One to cause great damage to the undead
   and demons.
   It greatly protects you from cold.
   It makes you more stealthy.
 c - the +4 long sword of the Everdark {venom, MR++ Str-2 Int+9}
   (You bought it in a shop on level 1 of the Orcish Mines)

   It poisons the flesh of those it strikes.
   It affects your strength (-2).
   It affects your intelligence (+9).
   It affects your resistance to hostile enchantments.
Missiles
 f - 24 bolts
 K - 2 throwing nets (quivered)
Armour
 d - the +4 leather armour of Time Monsters {rElec MR- Int-3 Stlth+}
   (You found it on level 1 of the Lair of Beasts)

   It affects your intelligence (-3).
   It insulates you from electricity.
   It affects your resistance to hostile enchantments.
   It makes you more stealthy.
 j - a cursed +0 large shield
 n - a +2 cloak (worn)
 u - the +2 leather armour of the Guilds (worn) {rN+ Str+5}
   (You found it on level 12 of the Dungeon)

   It affects your strength (+5).
   It protects you from negative energy.
 O - the +3 robe "Razxe" {rPois rF- rN++ rCorr}
   (You found it on level 3 of the Lair of Beasts)

   It makes you vulnerable to fire.
   It protects you from poison.
   It greatly protects you from negative energy.
   It provides partial protection from all sources of acid and corrosion.
Magical Staves
 y - an uncursed staff of wizardry
Jewellery
 k - a +3 ring of evasion (left hand)
 m - an amulet of magic regeneration (around neck)
 L - an uncursed ring of positive energy
 M - an uncursed ring of resist corrosion
 P - a ring of poison resistance (right hand)
 T - an uncursed ring of ice
Wands
 e - a wand of acid (6)
 A - a wand of iceblast (23)
 H - a wand of clouds (4)
 V - a wand of scattershot (5)
Scrolls
 h - 2 scrolls of immolation {unknown}
 l - a scroll of silence {unknown}
 o - 3 scrolls of fog
 t - 4 scrolls of enchant weapon
 x - 8 scrolls of remove curse
 z - a scroll of identify
 C - 3 scrolls of magic mapping
 F - 3 scrolls of brand weapon {unknown}
 I - 6 scrolls of amnesia
 X - a scroll of summoning {unknown}
 Y - 3 scrolls of fear {unknown}
Potions
 g - 2 potions of brilliance
 i - 3 potions of cancellation
 p - 2 potions of agility
 q - 3 potions of might
 r - a potion of experience {unknown}
 B - 2 potions of invisibility {unknown}
 D - 3 potions of haste {unknown}
 N - a potion of heal wounds
 Q - 5 potions of curing
 S - 3 potions of ambrosia
 W - 2 potions of resistance {unknown}
Miscellaneous
 s - a phantom mirror
 U - a sack of spiders
Comestibles
 v - 31 rations


   Skills:
 - Level 9.3 Fighting
 - Level 5.4(6.0) Polearms
 - Level 4.0(5.3) Staves
 - Level 9.0 Armour
 - Level 7.1 Dodging
 - Level 6.2 Stealth
 * Level 6.3 Shields
 - Level 13.6 Spellcasting
 - Level 6.0 Conjurations
 - Level 4.2 Charms
   Level 1.0 Summonings
 - Level 9.0 Necromancy
   Level 0.8 Translocations
 - Level 4.0 Fire Magic
 - Level 4.0 Air Magic
 - Level 9.0 Earth Magic
 - Level 8.3 Poison Magic


You had 16 spell levels left.
You knew the following spells:

 Your Spells              Type           Power        Failure   Level  Hunger
a - Conjure Flame         Conj/Fire      #####...     1%          3    None
b - Borgnjor's Vile Clut  Necr/Erth      ######....   2%          5    ##.....
c - Magic Dart            Conj           ####         1%          1    None
d - Regeneration          Chrm/Necr      ######....   1%          3    None
e - Mephitic Cloud        Conj/Pois/Air  #####...     1%          3    None
h - Dispel Undead         Necr           ######..     2%          5    ##.....
i - Ozocubu's Armour      Chrm/Ice       ####....     4%          3    None
z - Sublimation of Blood  Necr           ######....   1%          2    None

Your spell library contained the following spells:

 Spells                   Type           Power        Failure   Level  Hunger
 Animate Skeleton         Necr           N/A          1%          1    None
 Pain                     Necr           ####         1%          1    None
 Sandblast                Erth           ######       1%          1    None
 Passwall                 Tmut/Erth      #####...     1%          2    None
 Throw Frost              Conj/Ice       ####..       1%          2    None
 Stone Arrow              Conj/Erth      ######       1%          3    None
 Animate Dead             Necr           N/A          1%          4    None
 Lee's Rapid Deconstruct  Erth           ######....   2%          5    ##.....
 Freeze                   Ice            ###.         3%          1    None
 Call Imp                 Summ           ###.....     3%          2    None
 Bolt of Draining         Conj/Necr      ######....   4%          5    ##.....
 Slow                     Hex            ###.....     5%          2    None
 Venom Bolt               Conj/Pois      ######....   5%          5    ##.....
 Petrify                  Tmut/Erth      #####...     6%          4    None
 Bolt of Magma            Conj/Fire/Erth ######....   8%          5    ##.....
 Throw Icicle             Conj/Ice       ####....     11%         4    None
 Iskenderun's Battlesphe  Conj/Chrm      #####...     12%         5    ##.....
 Death Channel            Necr           ######....   14%         6    ####...
 Iron Shot                Conj/Erth      ######....   26%         6    ####...
 Summon Ice Beast         Ice/Summ       ###.....     30%         4    None
 Orb of Destruction       Conj           #####.....   95%         7    ######.
 Haunt                    Necr/Summ      #####.....   99%         7    ######.
 Borgnjor's Revivificati  Necr           ######....   99%         8    #######
 Infestation              Necr           ######....   99%         8    #######
 Spellforged Servitor     Conj/Summ      #####.....   100%        7    ######.
 Death's Door             Chrm/Necr      ######....   100%        8    #######
 Necromutation            Tmut/Necr      #####.....   100%        8    #######
 Blink                    Tloc           Unusable     N/A         2    N/A

Dungeon Overview and Level Annotations

Branches:
Dungeon (12/15)            Temple (1/1) D:5            Lair (6/6) D:9
 Shoals (0/4) Lair:3        Snake (0/4) Lair:3        Slime (0/5) Lair:5
    Orc (2/2) D:10            Elf (0/3) Orc:2

Altars:
Ashenzari
Cheibriados
Dithmenos
Elyvilon
Fedhas
Gozag
Hepliaklqana
Kikubaaqudgha
Makhleb
Nemelex Xobeh
Okawaru
Qazlal
Ru
Sif Muna
Trog
Uskayaw
Vehumet
Wu Jian
Xom
Yredelemnul
Zin
The Shining One

Shops:
D:8 ?   D:9 ?   D:10 }   D:11 *   Orc:1 *   Orc:2 [:(*


Innate Abilities, Weirdness & Mutations

You cannot be hasted, slowed, berserked, paralysed or teleported.
You can dig through walls and to a lower floor.
Your four strong arms can wield two-handed weapons with a shield.
You have a pair of large antennae on your head. (SInv)
You are resistant to hostile enchantments. (MR+)
You passively map a small area around you.
You are resistant to electric shocks. (rElec)


Message History

You hit the large slime creature.
The large slime creature is moderately wounded.
The large slime creature hits you.
You impale the large slime creature!!
The large slime creature is heavily wounded.
The large slime creature hits you!
You hit the large slime creature.
The large slime creature is heavily wounded.
The large slime creature barely misses you.
You puncture the large slime creature!
The large slime creature is severely wounded.
The large slime creature hits you!!!
You barely miss the large slime creature.
The large slime creature is severely wounded.
The large slime creature hits you!!
You slash the large slime creature!
The large slime creature is severely wounded.
The large slime creature hits you!!
You die...
Your body crumbles into a pile of gold.

#########
###........ * ######
##)'.####### *
.....# ##..#...#
,,,,
.....###..####.#####
.....'...###.#.....#
.....##### #.#####.#
* ##'### #....@J.#
#.# #######'# * #.#
.# #.# * .# #+# * ##
, , , * + , , , ,


You could see a large slime creature.

Vanquished Creatures
  The ghost of Inugoy the Fighter, a journeyman HOFi of Beogh (Lair:5)
  An orc warlord (Orc:2)
  5 hydras
  2 catoblepae (Lair:5)
  2 two-headed ogres
  The ghost of verendum the Gusty, a novice DrAE of Vehumet (D:9)
  An alligator (Lair:6)
  A queen ant (Lair:2)
  4 death yaks (Lair:6)
  5 orc high priests (Orc:2)
  Sonja (D:10)
  A deep elf mage (D:12)
  A wolf spider (Lair:6)
  4 orc knights
  A cyclops (Orc:1)
  3 manticores
  6 orc sorcerers
  An ugly thing (D:11)
  4 oklob plants (Lair:3)
  12 black mambas
  9 elephants
  A guardian serpent (Lair:6)
  Joseph (D:7)
  20 spiny frogs
  2 rime drakes (Lair:6)
  3 komodo dragons
  3 trolls
  A meliai (Lair:5)
  10 polar bears
  6 hydra zombies
  2 queen bees
  4 hornets
  2 raiju (Lair:6)
  A slime creature (D:12)
  Prince Ribbit (D:7)
  11 hippogriffs
  A dream sheep (Lair:6)
  4 blink frogs (Lair:3)
  3 hydra skeletons
  4 redbacks (Lair:6)
  A black mamba zombie (Lair:3)
  A vampire (D:12)
  27 yaks
  A shadow (D:11)
  2 spriggans
  10 wyverns
  3 basilisks
  Grum (D:9)
  2 black mamba skeletons
  2 hungry ghosts
  7 wargs
  5 soldier ants (Lair:2)
  An elf zombie (D:11)
  35 water moccasins
  15 hell hounds (Lair:6)
  A spiny frog zombie (Lair:5)
  Duvessa (D:7)
  4 sky beasts
  7 porcupines
  3 spiny frog skeletons
  12 black bears
  40 orc warriors
  A dream sheep zombie (Lair:3)
  5 ice beasts
  A hornet zombie (D:8)
  12 ogres
  A necrophage (D:7)
  2 phantoms
  15 wolves
  5 centaurs
  A dream sheep skeleton (Lair:2)
  10 crocodiles
  A manticore skeleton (D:11)
  A hippogriff zombie (Lair:5)
  A lindwurm skeleton (Lair:2)
  A rime drake zombie (Lair:3)
  3 big kobolds
  A komodo dragon zombie (Lair:3)
  21 bullfrogs
  Dowan (D:7)
  A hippogriff skeleton (Lair:3)
  A water moccasin zombie (Lair:5)
  A komodo dragon skeleton (Lair:3)
  A polar bear zombie (Lair:1)
  2 wyvern skeletons
  A water moccasin skeleton (Lair:2)
  2 scorpions
  A yak zombie (Lair:2)
  19 killer bees
  5 electric eels
  5 wights (D:9)
  A wolf zombie (Lair:5)
  2 howler monkeys
  6 crimson imps
  2 bullfrog zombies
  A bullfrog skeleton (Lair:3)
  4 jellies (Lair:5)
  14 orc priests
  6 hounds
  A basilisk zombie (Lair:3)
  2 gnoll shamans (D:4)
  23 orc wizards
  Ijyb (D:4)
  2 centaur skeletons
  A porcupine zombie (Lair:1)
  3 iguanas
  31 worker ants
  2 crocodile zombies
  A hound skeleton (D:11)
  A worker ant zombie (D:8)
  43 gnolls
  17 adders
  4 oozes
  2 worms
  A dart slug (D:1)
  7 leopard geckos
  86 orcs
  6 ball pythons
  7 bats
  2 giant cockroaches (D:1)
  20 goblins
  15 hobgoblins
  25 jackals
  19 kobolds
  6 quokkas
  4 frilled lizards
  A kobold zombie (D:11)
  An orc skeleton (D:11)
  7 rats
  6 fungi
  17 plants
849 creatures vanquished.

Vanquished Creatures (collateral kills)
  2 soldier ants (Lair:2)
  A killer bee (D:9)
  3 worker ants (Lair:2)
  An adder (Temple)
7 creatures vanquished.

Vanquished Creatures (others)
  A killer bee (D:9)
  An electric eel (Bailey)
  8 fungi
  17 plants
27 creatures vanquished.

Grand Total: 883 creatures vanquished

Notes
Turn   | Place    | Note
-------+----------+-------------------------------------------
     0 | D:1      | DildoBatman the Formicid Wizard began the quest for the
                  | Orb.
     0 | D:1      | Reached XP level 1. HP: 13/13 MP: 4/4
    60 | D:1      | Reached skill level 1 in Conjurations
   225 | D:1      | Reached XP level 2. HP: 19/19 MP: 0/6
   628 | D:1      | Reached XP level 3. HP: 24/24 MP: 0/7
   633 | D:1      | Learned a level 3 spell: Conjure Flame
   637 | D:1      | Learned a level 3 spell: Mephitic Cloud
  1298 | D:2      | Found a hide-covered altar of Uskayaw.
  1300 | D:2      | Found a radiant altar of Vehumet.
  1308 | D:2      | Found a deep blue altar of Sif Muna.
  1313 | D:2      | Found a glowing silver altar of Zin.
  1313 | D:2      | Found an opulent altar of Gozag.
  1313 | D:2      | Found a sparkling altar of Nemelex Xobeh.
  1313 | D:2      | Found a snail-covered altar of Cheibriados.
  1313 | D:2      | Found a glowing golden altar of the Shining One.
  1317 | D:2      | Found a sacrificial altar of Ru.
  1318 | D:2      | Found a bloodstained altar of Trog.
  2048 | D:2      | Reached XP level 4. HP: 30/30 MP: 4/8
  2269 | D:2      | Reached XP level 5. HP: 35/35 MP: 1/9
  2895 | D:3      | Found an opulent altar of Gozag.
  3138 | D:4      | Noticed an ogre
  3176 | D:4      | Killed an ogre
  3176 | D:4      | Reached skill level 5 in Conjurations
  3176 | D:4      | Reached XP level 6. HP: 41/41 MP: 2/10
  3513 | D:4      | Reached XP level 7. HP: 28/46 MP: 7/11
  3622 | D:4      | Found a shadowy altar of Dithmenos.
  3625 | D:4      | Found a stormy altar of Qazlal.
  3625 | D:4      | Found a white marble altar of Elyvilon.
  3702 | D:5      | Entered Level 5 of the Dungeon
  3771 | D:5      | Reached skill level 1 in Fire Magic
  3771 | D:5      | Reached skill level 1 in Air Magic
  3771 | D:5      | Reached skill level 1 in Poison Magic
  3880 | D:5      | Noticed Ijyb
  4282 | D:5      | Found a staircase to the Ecumenical Temple.
  4291 | Temple   | Entered the Ecumenical Temple
  4416 | Temple   | Became a worshipper of Kikubaaqudgha
  5129 | D:4      | Reached XP level 8. HP: 25/52 MP: 4/12
  5299 | D:4      | Killed Ijyb
  5733 | D:4      | Reached * piety under Kikubaaqudgha
  5733 | D:4      | Identified Kikubaaqudgha's Almanac of Necromancy
                  | (Kikubaaqudgha gifted it to you on level 4 of the Dungeon)
  5733 | D:4      | Received a gift from Kikubaaqudgha
  6167 | D:4      | Reached skill level 5 in Poison Magic
  6200 | D:4      | Reached ** piety under Kikubaaqudgha
  7086 | D:6      | Reached XP level 9. HP: 53/57 MP: 6/13
  7424 | D:6      | Reached skill level 4 in Spellcasting
  7994 | D:7      | Reached skill level 5 in Spellcasting
  8067 | D:7      | Reached skill level 1 in Fighting
  8067 | D:7      | Reached skill level 1 in Armour
  8202 | D:7      | Reached *** piety under Kikubaaqudgha
  8202 | D:7      | Identified Kikubaaqudgha's Tome of Necromancy
                  | (Kikubaaqudgha gifted it to you on level 7 of the Dungeon)
  8202 | D:7      | Received a gift from Kikubaaqudgha
  8227 | D:7      | Noticed Duvessa
  8227 | D:7      | Noticed Dowan
  8300 | D:7      | Killed Duvessa
  8303 | D:7      | Noticed Joseph
  8340 | D:7      | Reached XP level 10. HP: 28/70 MP: 1/17
  8368 | D:7      | Killed Dowan
  8448 | D:7      | Noticed Prince Ribbit
  8466 | D:7      | Killed Prince Ribbit
  8471 | D:7      | Found a flagged portal.
  8528 | Bailey   | Entered a bailey
  8533 | Bailey   | Learned a level 3 spell: Regeneration
  8536 | Bailey   | Learned a level 2 spell: Sublimation of Blood
  8542 | Bailey   | Learned a level 5 spell: Dispel Undead
  8836 | Bailey   | Noticed an orc sorcerer
  8867 | Bailey   | Noticed an orange demon
  8918 | Bailey   | Killed an orc sorcerer
  8918 | Bailey   | Reached skill level 1 in Charms
  8918 | Bailey   | Reached skill level 1 in Necromancy
  9113 | Bailey   | Noticed an orc sorcerer
  9123 | Bailey   | Killed an orc sorcerer
  9357 | Bailey   | Identified the +8 quarterstaff "Ifuish" {holy, rC++ Stlth+}
  9411 | Bailey   | Found an iron altar of Okawaru.
  9595 | Bailey   | Reached skill level 5 in Fighting
  9595 | Bailey   | Reached skill level 5 in Armour
  9657 | Bailey   | Reached **** piety under Kikubaaqudgha
  9693 | Bailey   | Noticed an orc knight
  9780 | Bailey   | Killed an orc knight
  9780 | Bailey   | Reached skill level 1 in Staves
  9922 | D:7      | Gained mutation: Your spells are a little easier to cast,
                  | but a little less powerful. [potion of mutation]
  9922 | D:7      | Gained mutation: You are resistant to electric shocks.
                  | (rElec) [potion of mutation]
 10080 | D:7      | Killed Joseph
 10080 | D:7      | Reached skill level 6 in Spellcasting
 10080 | D:7      | Reached XP level 11. HP: 48/79 MP: 4/20
 10269 | D:8      | Reached skill level 5 in Stealth
 10310 | D:8      | Lost mutation: Your spells are a little easier to cast, but
                  | a little less powerful. [potion of mutation]
 10310 | D:8      | Gained mutation: You are resistant to hostile enchantments.
                  | (MR+) [potion of mutation]
 10310 | D:8      | Gained mutation: You evolve. [potion of mutation]
 10310 | D:8      | Gained mutation: You passively map a small area around you.
                  | [potion of mutation]
 10458 | D:8      | Found Xot Fos's Magic Scroll Shoppe.
 10465 | D:8      | Bought a scroll of identify for 22 gold pieces
 10465 | D:8      | Bought a scroll of identify for 22 gold pieces
 10465 | D:8      | Bought a scroll of identify for 22 gold pieces
 10465 | D:8      | Bought a scroll of identify for 22 gold pieces
 10465 | D:8      | Bought a scroll of noise for 11 gold pieces
 10465 | D:8      | Bought a scroll of random uselessness for 11 gold pieces
 10777 | D:8      | Noticed a manticore
 10788 | D:8      | Killed a manticore
 11261 | D:8      | Learned a level 5 spell: Borgnjor's Vile Clutch
 11273 | D:9      | Found Ledaff's Magic Scroll Emporium.
 11279 | D:9      | Bought a scroll of enchant armour for 112 gold pieces
 11330 | D:9      | Reached skill level 1 in Earth Magic
 11383 | D:9      | Noticed Grum
 11455 | D:9      | Killed Grum
 11466 | D:9      | Reached ***** piety under Kikubaaqudgha
 11554 | D:9      | Found a staircase to the Lair.
 11670 | D:9      | Reached skill level 5 in Necromancy
 11788 | D:9      | Found a transporter.
 12045 | D:10     | Entered Level 10 of the Dungeon
 12063 | D:10     | Noticed a two-headed ogre
 12448 | D:10     | Noticed Sonja
 12462 | D:10     | Killed Sonja
 12462 | D:10     | Reached skill level 5 in Earth Magic
 12541 | D:10     | Found a staircase to the Orcish Mines.
 12639 | D:10     | Found Nuar's Gadget Boutique.
 12668 | D:10     | Reached XP level 12. HP: 86/86 MP: 17/21
 13087 | D:10     | Killed a two-headed ogre
 13120 | Orc:1    | Entered Level 1 of the Orcish Mines
 13314 | Orc:1    | Found Tuthoapp's Assorted Antiques.
 13520 | Orc:1    | Gained mutation: Your mind is acute. (Int +2) [evolution]
 13771 | Orc:1    | Bought a scroll labeled OKLORU SANKOSCH for 26 gold pieces
 13771 | Orc:1    | Bought a scroll labeled YVOMEGOMOS for 26 gold pieces
 13771 | Orc:1    | Bought a warped halberd for 234 gold pieces
 13771 | Orc:1    | Identified the +9 halberd of the Candelabrum {chop, rF+ rC-
                  | Int+2} (You bought it in a shop on level 1 of the Orcish
                  | Mines)
 13782 | Orc:2    | Entered Level 2 of the Orcish Mines
 13801 | Orc:2    | Noticed an orc high priest
 13802 | Orc:2    | Noticed a soul eater
 13809 | Orc:2    | Reached skill level 1 in Polearms
 13810 | Orc:2    | Killed an orc high priest
 13820 | Orc:2    | Noticed an orc high priest
 13940 | Orc:2    | Noticed an orc high priest
 13952 | Orc:2    | Killed an orc high priest
 13967 | Orc:2    | Noticed a soul eater
 13975 | Orc:2    | Killed an orc high priest
 13975 | Orc:2    | Reached ****** piety under Kikubaaqudgha
 13998 | D:10     | Received a gift from Kikubaaqudgha
 14004 | D:10     | Fell from the grace of Kikubaaqudgha
 14548 | D:11     | Noticed a two-headed ogre
 14637 | Orc:2    | Noticed an orc high priest
 14701 | Orc:2    | Noticed an orc warlord
 14807 | D:9      | Lost mutation: You evolve. [end of evolution]
 14914 | D:3      | Became a worshipper of Gozag Ym Sagoz the Greedy
 15204 | D:11     | Killed a two-headed ogre
 15447 | D:11     | Found Azuenn's Mayhem Merchandise.
 15466 | D:11     | Reached XP level 13. HP: 93/93 MP: 19/22
 16176 | Lair:1   | Entered Level 1 of the Lair of Beasts
 16321 | Lair:1   | Got a twisted leather armour
 16364 | Lair:1   | Identified the +4 leather armour of Time Monsters {rElec
                  | MR- Int-3 Stlth+} (You found it on level 1 of the Lair of
                  | Beasts)
 17567 | Lair:2   | Reached skill level 5 in Dodging
 17567 | Lair:2   | Reached skill level 7 in Spellcasting
 17593 | Lair:2   | Reached skill level 5 in Polearms
 18573 | Lair:3   | Found a staircase to the Snake Pit.
 18977 | Lair:3   | Got a faintly humming robe
 19094 | Lair:3   | Found a staircase to the Shoals.
 19106 | Lair:3   | Reached XP level 14. HP: 64/105 MP: 21/24
 19375 | Lair:3   | Identified the +3 robe "Razxe" {rPois rF- rN++ rCorr} (You
                  | found it on level 3 of the Lair of Beasts)
 20573 | Lair:5   | Found a staircase to the Slime Pits.
 20669 | Lair:5   | Was forgiven by Kikubaaqudgha
 20718 | Lair:5   | Reached skill level 1 in Shields
 20991 | Lair:5   | Found a transporter.
 20993 | Lair:5   | Reached skill level 8 in Spellcasting
 21238 | Lair:5   | Noticed Inugoy's ghost (journeyman HOFi)
 21373 | Lair:5   | Found a transporter.
 21584 | Lair:6   | Entered Level 6 of the Lair of Beasts
 21647 | Lair:6   | Reached skill level 9 in Spellcasting
 21785 | Lair:6   | Reached skill level 10 in Spellcasting
 21947 | Lair:6   | Reached XP level 15. HP: 103/113 MP: 24/29
 22072 | Lair:6   | Reached skill level 11 in Spellcasting
 22381 | Lair:6   | Reached skill level 12 in Spellcasting
 22943 | Lair:6   | Reached skill level 13 in Spellcasting
 23410 | Lair:5   | Killed Inugoy's ghost
 23635 | D:9      | Found a transporter.
 23639 | D:9      | Noticed verendum's ghost (novice DrAE)
 23661 | D:9      | Killed verendum's ghost
 23854 | Orc:2    | Lost mutation: Your mind is acute. (Int +2) [a neqoxec]
 23956 | Orc:2    | Killed an orc warlord
 23976 | Orc:2    | Found Wuon Naoghe's Book Boutique.
 24030 | Orc:2    | Found Foat's Antique Armour Shoppe.
 24117 | Orc:2    | Found Neruntu's General Store.
 24127 | Orc:2    | Reached skill level 5 in Shields
 24154 | Orc:2    | Bought a potion of curing for 39 gold pieces
 24171 | Orc:2    | Found Ciclaos's Antique Weapon Shoppe.
 24178 | Orc:2    | Bought a slimy spear for 240 gold pieces
 24178 | Orc:2    | Identified the +5 spear "Pywuit" {pierce, rF- MR- Str+5}
                  | (You bought it in a shop on level 2 of the Orcish Mines)
 24248 | Orc:2    | Found a staircase to the Elven Halls.
 24460 | Orc:2    | Bought a book of Frost for 455 gold pieces
 24464 | Orc:2    | Learned a level 3 spell: Ozocubu's Armour
 24493 | Orc:1    | Bought a faintly glowing long sword for 221 gold pieces
 24493 | Orc:1    | Identified the +4 long sword of the Everdark {venom, MR++
                  | Str-2 Int+9} (You bought it in a shop on level 1 of the
                  | Orcish Mines)
 24665 | D:12     | Got a jade-encrusted leather armour
 24668 | D:12     | Got a faintly humming leather armour
 24685 | D:12     | Identified the +2 leather armour of the Guilds {rN+ Str+5}
                  | (You found it on level 12 of the Dungeon)
 24695 | D:12     | Identified the +0 leather armour of Noughts and Crosses
                  | {-Cast rPois Str+2 Int+7} (You found it on level 12 of the
                  | Dungeon)
 24806 | D:12     | Slain by a large slime creature

Skill      XL: |  1  2  3  4  5  6  7  8  9 10 11 12 13 14 15 |
---------------+----------------------------------------------+-----
Conjurations   | 1 2 3 4 5 6 |  6.0
Fire Magic     | 2 4 |  4.0
Air Magic      | 2 3 4 |  4.0
Poison Magic   | 3 6 8 |  8.3
Spellcasting   | 5 6 7 10 13 | 13.6
Fighting       | 3 5 6 8 9 |  9.3
Armour         | 3 5 6 8 9 |  9.0
Dodging        | 2 3 4 6 7 |  7.1
Stealth        | 4 6 |  6.2
Charms         | 3 4 |  4.2
Necromancy     | 3 6 8 9 |  9.0
Staves         | 1 4 |  4.0
Earth Magic    | 5 8 9 |  9.0
Polearms       | 3 5 |  5.4
Shields        | 1 6 |  6.3
Summonings     | |  1.0
Translocations | |  0.8

Action                   |  1- 3 |  4- 6 |  7- 9 | 10-12 | 13-15 || total
-------------------------+-------+-------+-------+-------+-------++-------
Melee: Club              |     3 |     5 |       |       |       ||     8
       Short sword       |       |     3 |       |    73 |       ||    76
       Flail             |       |     1 |       |       |       ||     1
       Falchion          |       |    36 |    64 |       |       ||   100
       Rapier            |       |       |   147 |    33 |       ||   180
       Halberd           |       |       |     9 |    82 |   917 ||  1008
       Quarterstaff      |       |       |       |   393 |    25 ||   418
       Glaive            |       |       |       |    13 |       ||    13
 Fire: Hunting sling     |       |    46 |   168 |    97 |       ||   311
Throw: Javelin           |       |       |       |     4 |       ||     4
 Cast: Magic Dart        |    88 |    79 |    97 |    29 |    17 ||   310
       Mephitic Cloud    |       |     5 |    55 |    87 |    75 ||   222
       Conjure Flame     |       |     2 |    16 |    28 |    61 ||   107
       Regeneration      |       |       |       |    33 |    79 ||   112
       Sublimation of Bl |       |       |       |     7 |    16 ||    23
       Borgnjor's Vile C |       |       |       |     7 |   140 ||   147
       Dispel Undead     |       |       |       |     3 |     5 ||     8
Invok: Receive Necronomi |       |       |       |     1 |       ||     1
       Renounce Religion |       |       |       |     1 |       ||     1
 Abil: Dig               |       |     1 |    20 |    32 |    23 ||    76
Evoke: Wand              |       |       |     1 |       |     4 ||     5
  Use: Scroll            |       |     2 |     2 |    11 |     5 ||    20
       Potion            |       |       |     2 |     6 |     5 ||    13
 Stab: Confused          |       |     1 |     7 |    37 |    29 ||    74
       Sleeping          |       |       |       |    11 |    15 ||    26
       Distracted        |       |       |       |       |     5 ||     5
  Eat: Chunk             |     3 |     6 |    21 |    38 |       ||    68
       Ration            |       |       |       |     3 |    16 ||    19
Armor: Robe              |     2 |     8 |    23 |       |    34 ||    67
       Leather armour    |       |       |     2 |   106 |    72 ||   180
       Skin              |       |       |       |    23 |       ||    23
       Ring mail         |       |       |       |    11 |    99 ||   110
Dodge: Dodged            |     8 |    81 |   188 |   430 |   581 ||  1288
Block: Other             |       |       |       |       |     7 ||     7
       Rpst.: Falchion   |       |    16 |    12 |       |       ||    28
